Map: Stranded Isles

Players

Happi

  • Race: Terran Terran
  • League: Diamond
  • Spawn Location: 3:00

FatRear

  • Race: Protoss Protoss
  • Spawn Location: 6:00

CaptainKroz

  • Race: Terran Terran
  • Spawn Location: 6:00

Throwfordays - Winner!

  • Race: Zerg Zerg
  • League: Silver
  • Spawn Location: 12:00

Faust - Winner!

  • Race: Zerg Zerg
  • League: Diamond
  • Spawn Location: 12:00

Cthulhu - Winner!

  • Race: Terran Terran
  • Spawn Location: 9:00

VOD

Have the link to the VOD?

Description

Time

  • Played on: March 23, 2019, 11:30 p.m.
  • Length: 10:01
Show
View Real Time Build Order
Export as new Build Order

Happi Terran 

Build Orders:  

Get SALT Encoding   

  12  0:01  SCV  
  13  0:13  SCV  
  14  0:19  Supply Depot  
  14  0:25  SCV  
  15  0:41  SCV  
  16  0:45  Barracks  
  16  0:53  SCV  
  17  1:05  SCV  
  18  1:17  SCV  
  19  1:25  Command Center  
  20  1:36  Orbital Command  
  20  1:38  Marine  
  20  1:42  Refinery  
  20  1:46  Refinery  
  20  2:01  Marine  
  21  2:03  SCV  
  21  2:05  Supply Depot  
  22  2:15  SCV  
  23  2:17  Barracks  
  23  2:20  Barracks Tech Lab  
  23  2:27  SCV  
  24  2:38  Orbital Command  
  24  2:39  SCV  
  25  2:54  SCV  
  25  2:56  Factory  
  25  2:57  Marine  
  27  3:03  Stimpack  
  27  3:04  SCV  
  28  3:07  SCV  
  29  3:29  SCV x2  
  29  3:30  Marine  
  29  3:32  Barracks Reactor  
  32  3:42  SCV  
  32  3:45  Factory Tech Lab  
  32  3:46  Starport  
  33  3:59  SCV x2  
  33  4:02  Marine, Refinery  
  35  4:04  Refinery, Siege Tank  
  39  4:18  Command Center  
  39  4:20  Marine  
  39  4:23  Medivac  
  42  4:29  Barracks  
  42  4:34  Marine x2  
  42  4:38  Marine  
  44  4:42  SCV  
  46  5:05  Supply Depot  
  46  5:06  Supply Depot  
  46  5:27  Marine x3, SCV x2  
  51  5:31  Starport Reactor  
  51  5:32  Siege Tank  
  51  5:34  Barracks Reactor, Combat Shield  
  54  5:36  SCV  
  54  5:39  SCV x2  
  57  5:51  SCV x2  
  59  6:02  Orbital Command  
  59  6:03  SCV  
  60  6:15  SCV x2  
  62  6:20  Supply Depot  
  62  6:27  Marine, SCV  
  62  6:28  SCV  
  62  6:29  SCV  
  62  6:32  Marine x3  
  69  6:37  Barracks, Factory  
  70  6:40  SCV, Medivac x2  
  70  6:41  SCV  
  70  6:42  SCV  
  70  6:43  Refinery  
  70  6:44  Refinery  
  76  6:50  Command Center  
  76  6:51  Supply Depot  
  76  6:52  SCV  
  76  6:53  SCV  
  76  6:54  SCV  
  79  6:57  Engineering Bay x2  
  79  7:01  Armory x2  
  79  7:04  SCV  
  79  7:05  SCV  
  79  7:06  Marine, SCV, Marauder  
  85  7:13  Marine x3, Medivac  
  90  7:16  SCV  
  91  7:28  Marauder  
  93  7:32  Supply Depot  
  93  7:34  Barracks Tech Lab  
  93  7:35  Factory Tech Lab  
  93  7:40  Terran Infantry Armor Level 1, Terran Infantry Weapons Level 1  
  93  7:44  Supply Depot x2  
  93  7:45  Supply Depot  
  93  7:51  Supply Depot, Missile Turret x2  
  93  7:54  Medivac x2  
  97  8:00  SCV x2  
  99  8:29  Marine  
  99  8:30  Marine x3, Marauder  
  99  8:33  Concussive Shells  
  105  8:38  Siege Tank  
  105  8:40  Siege Tank  
  102  8:47  Orbital Command  
  102  8:51  Marauder  
  104  9:08  Viking  
  104  9:09  Viking  
  108  9:10  Siege Tank  
  108  9:12  Siege Tank, Marauder  
  108  9:13  Starport x2  
  108  9:14  Starport  
  108  9:15  SCV x3  
  119  9:19  Marine x2, Marauder  
  123  9:27  SCV x3  
  126  9:34  Marauder  
Show
View Real Time Build Order
Export as new Build Order

FatRear Protoss 

Build Orders:  

Get SALT Encoding   

  1  0:00  Probe  
  12  0:05  Probe  
  14  0:21  Pylon  
  14  0:22  Probe  
  15  0:39  Probe  
  15  0:41  Gateway  
  16  0:51  Probe  
  17  1:03  Probe  
  18  1:05  Assimilator  
  18  1:07  Pylon  
  18  1:15  Probe  
  19  1:29  Cybernetics Core  
  19  1:31  Probe  
  20  1:42  Pylon  
  20  1:44  Assimilator  
  20  2:03  Probe  
  21  2:09  Shield Battery  
  21  2:14  Adept  
  21  2:15  Warp Gate  
  23  2:19  Pylon, Probe  
  24  2:31  Probe  
  24  2:39  Probe  
  25  2:46  Zealot  
  27  3:02  Nexus  
  27  3:06  Stalker  
  29  3:38  Probe  
  30  3:42  Stargate  
  30  3:47  Pylon, Probe  
  30  3:49  Gateway  
  30  3:55  Probe  
  32  4:05  Probe  
  32  4:09  Forge  
  33  4:16  Zealot  
  35  4:22  Shield Battery  
  35  4:40  Probe x2  
  35  4:42  Photon Cannon  
  37  4:46  Sentry  
  40  4:52  Probe  
  40  4:53  Probe  
  40  4:54  Stalker  
  40  4:57  Oracle  
  43  5:04  Probe  
  43  5:05  Probe  
  48  5:17  Photon Cannon, Probe  
  48  5:18  Probe  
  48  5:19  Protoss Shields Level 1  
  49  5:26  Probe  
  50  5:34  Probe  
  52  5:36  Phoenix, Probe  
  55  5:46  Probe  
  56  5:50  Twilight Council  
  56  5:54  Pylon  
  56  6:08  Probe  
  56  6:09  Phoenix  
  59  6:32  Stalker  
  61  6:34  Stalker, Phoenix  
  61  6:35  Probe  
  66  6:45  Probe  
  67  6:47  Probe  
  67  6:49  Void Ray  
  67  6:50  Gateway  
  67  6:54  Gateway  
  68  6:55  Assimilator  
  68  6:58  Pylon  
  68  7:00  Probe  
  73  7:13  Protoss Ground Weapons Level 1  
  73  7:19  Stalker x2  
  78  7:37  Probe x2  
  78  7:41  Assimilator  
  68  8:00  Zealot  
  68  8:01  Stalker x3  
  76  8:09  Probe  
  76  8:10  Charge  
  77  8:19  Probe  
  77  8:22  Probe  
  79  8:28  Probe  
  80  8:35  Probe  
  80  8:36  Probe  
  80  8:41  Nexus  
  82  8:47  Probe  
  83  8:51  Pylon, Robotics Facility  
  83  8:53  Pylon  
  83  8:56  Assimilator  
  83  8:59  Gateway, Probe  
  83  9:00  Assimilator, Gateway  
  84  9:03  Pylon  
  71  9:43  Zealot  
  71  9:44  Zealot x3  
Show
View Real Time Build Order
Export as new Build Order

CaptainKroz Terran 

Build Orders:  

Get SALT Encoding   

  12  0:10  SCV  
  13  0:47  Supply Depot  
  13  1:10  Supply Depot  
  13  1:25  Barracks  
  13  1:33  Supply Depot  
  13  1:34  Refinery  
  13  1:40  Refinery  
  13  1:56  Supply Depot  
  13  1:59  SCV  
  14  2:11  SCV  
  15  2:21  Barracks Reactor, Command Center  
  15  2:40  Supply Depot  
  15  2:48  Orbital Command  
  15  3:00  Refinery  
  15  3:01  Marine  
  16  3:28  Factory  
  16  3:37  Refinery  
  16  3:45  Marine  
  16  3:46  Marine  
  18  4:01  Orbital Command  
  15  4:39  Supply Depot  
  14  5:01  Marine x2  
  16  5:09  SCV  
  17  5:19  Marine x2  
  17  5:21  SCV  
  20  5:33  SCV  
  21  5:36  Marine  
  21  5:37  Marine  
  23  5:44  Factory Tech Lab  
  23  5:45  SCV  
  24  5:54  Marine x2  
  26  5:57  SCV  
  26  5:59  SCV  
  26  6:02  Starport  
  28  6:09  SCV  
  25  6:12  SCV  
  26  6:21  SCV, Siege Tank  
  30  6:52  Supply Depot  
  30  6:58  Fusion Core, Starport Tech Lab  
  30  7:14  Marine x2, SCV x2, Siege Tank  
  37  7:25  Supply Depot  
  37  7:26  SCV  
  38  7:46  Marine x2, SCV x2, Siege Tank  
  38  7:47  Supply Depot  
  45  7:56  Orbital Command  
  44  7:58  SCV  
  44  8:01  Armory  
  44  8:04  Marine x2  
  35  8:10  Supply Depot, SCV  
  35  8:18  Siege Tank  
  38  8:21  Marine x2  
  38  8:22  SCV  
  38  8:23  SCV  
  42  8:34  SCV  
  42  8:35  SCV  
  44  8:47  SCV  
  45  8:51  Widow Mine  
  47  9:00  Engineering Bay  
Show
View Real Time Build Order
Export as new Build Order

Throwfordays Zerg - Winner!

Build Orders: Hatch First 

Get SALT Encoding   

  12  0:01  Drone  
  13  0:09  Drone  
  14  0:35  Hatchery  
  14  0:38  Drone  
  14  0:54  Spawning Pool  
  13  0:58  Drone  
  14  1:06  Overlord  
  14  1:27  Drone x2  
  16  1:33  Drone  
  17  1:41  Queen  
  17  1:46  Extractor  
  18  1:48  Extractor  
  18  1:50  Queen  
  18  1:51  Drone  
  20  1:56  Overlord  
  20  2:00  Drone  
  21  2:05  Drone  
  22  2:11  Drone x2  
  24  2:28  Zergling x2  
  25  2:31  Drone x3  
  28  2:41  Drone  
  29  2:48  Drone  
  30  2:52  Drone  
  31  2:59  Drone  
  31  3:03  Drone  
  31  3:05  Drone x2  
  35  3:08  Metabolic Boost  
  35  3:11  Drone  
  36  3:14  Overlord x3  
  36  3:20  Overlord  
  36  3:36  Roach Warren  
  36  3:40  Baneling Nest, Drone  
  35  3:43  Drone  
  35  3:45  Drone  
  37  3:49  Zergling x6  
  37  3:53  Drone x3  
  37  3:54  Drone x3  
  46  4:04  Evolution Chamber  
  46  4:05  Evolution Chamber  
  46  4:09  Evolution Chamber  
  43  4:13  Drone  
  44  4:17  Extractor  
  44  4:19  Extractor  
  44  4:23  Roach  
  44  4:24  Roach x4  
  52  4:42  Drone x2, Hatchery  
  52  4:43  Drone  
  52  4:44  Drone  
  55  4:54  Drone x2  
  55  4:55  Drone  
  55  4:58  Drone x2  
  60  5:00  Drone  
  60  5:01  Drone  
  60  5:04  Roach x2  
  66  5:09  Zerg Missile Weapons Level 1  
  66  5:13  Zerg Ground Armor Level 1  
  66  5:19  Lair  
  66  5:24  Roach  
  66  5:27  Overlord x2  
  68  5:30  Overlord  
  68  5:34  Overlord  
  68  5:37  Overlord  
  68  5:48  Roach  
  70  5:50  Roach x3  
  70  5:51  Roach  
  78  6:00  Baneling  
  78  6:01  Baneling x3  
  78  6:15  Spore Crawler x2  
  76  6:41  Roach x5  
  76  6:44  Roach x3  
  76  6:45  Roach x2  
  96  6:47  Ravager  
  96  6:49  Queen  
  96  6:50  Drone x3  
  102  6:54  Ravager x2  
  102  6:56  Ravager  
  105  7:26  Drone x5  
  105  7:28  Drone x2  
  105  7:29  Drone  
  113  7:34  Drone  
  114  7:38  Overlord  
  114  7:39  Overlord x4  
  114  8:17  Drone  
  115  8:21  Drone x3  
  115  8:25  Roach x5  
  115  8:26  Roach  
  130  8:32  Drone  
  130  8:33  Drone x4  
  135  8:36  Extractor  
  135  8:37  Extractor  
  133  8:59  Hydralisk Den  
  133  9:02  Infestation Pit  
  131  9:03  Spire  
  131  9:06  Spire  
  129  9:17  Roach x3  
  129  9:20  Roach x3  
  129  9:23  Hatchery  
  140  9:25  Drone x2  
  140  9:28  Roach x4  
  150  9:36  Roach  
  152  9:40  Baneling x2  
  152  9:42  Baneling x2  
Show
View Real Time Build Order
Export as new Build Order

Faust Zerg - Winner!

Build Orders: Hatch First, Swarm Host 

Get SALT Encoding   

  12  0:01  Drone  
  13  0:09  Drone  
  14  0:16  Extractor  
  14  0:17  Drone  
  15  0:23  Overlord  
  15  0:41  Drone  
  15  0:42  Drone  
  17  0:57  Hatchery  
  17  1:00  Drone  
  17  1:04  Extractor  
  16  1:05  Drone  
  19  1:18  Drone  
  19  1:23  Spawning Pool  
  17  1:28  Drone  
  18  1:38  Drone  
  19  1:49  Overlord  
  19  2:10  Metabolic Boost  
  19  2:11  Zergling x6  
  19  2:12  Queen  
  24  2:17  Queen  
  24  2:20  Drone  
  27  2:28  Drone  
  28  2:40  Drone x2  
  28  2:41  Overlord  
  30  2:48  Lair  
  30  2:59  Drone x3  
  30  3:05  Drone x2  
  34  3:31  Zergling x18  
  41  3:36  Drone  
  42  3:47  Hatchery  
  41  4:17  Overlord x3  
  41  4:31  Overlord x2  
  41  4:35  Spore Crawler  
  41  4:37  Spore Crawler, Drone x4  
  41  4:38  Drone x2  
  41  4:49  Drone x2  
  43  4:58  Drone  
  44  5:00  Queen  
  46  5:11  Extractor, Drone x3  
  46  5:12  Drone  
  49  5:16  Extractor, Drone x3  
  49  5:17  Extractor, Drone  
  51  5:21  Drone x3  
  51  5:22  Drone  
  51  5:24  Overlord  
  55  5:39  Drone x2  
  57  5:44  Drone x2  
  57  5:45  Drone x6  
  57  5:47  Spine Crawler  
  57  5:48  Spore Crawler, Drone  
  63  5:59  Zergling x6  
  65  6:05  Hydralisk Den  
  63  6:16  Drone  
  63  6:17  Drone  
  65  6:22  Infestation Pit  
  65  6:25  Nydus Network  
  63  6:34  Drone x2  
  63  6:38  Spore Crawler  
  64  6:42  Spore Crawler, Drone x4, Hydralisk  
  64  6:43  Hydralisk x6  
  81  6:53  Extractor, Drone  
  81  6:54  Drone  
  82  6:55  Overlord x4  
  82  6:56  Extractor, Overlord  
  81  7:04  Overlord x2  
  81  7:10  Evolution Chamber  
  81  7:12  Evolution Chamber  
  79  7:30  Drone x3  
  79  7:31  Drone x2  
  79  7:33  Drone x3  
  79  7:34  Drone x3, Overlord  
  90  7:41  Zerg Missile Weapons Level 1  
  90  7:42  Zerg Ground Armor Level 1, Swarm Host x3  
  99  7:44  Swarm Host x2  
  99  7:46  Swarm Host x3  
  114  8:03  Hatchery  
  114  8:04  Drone  
  114  8:06  Drone  
  114  8:07  Drone x9  
  114  8:11  Swarm Host  
  127  8:17  Nydus Canal  
  127  8:20  Swarm Host x3  
  136  9:02  Drone  
  137  9:03  Drone x7  
  137  9:04  Drone x2  
  146  9:14  Overlord  
  146  9:15  Overlord x2  
  146  9:20  Nydus Canal  
Show
View Real Time Build Order
Export as new Build Order

Cthulhu Terran - Winner!

Build Orders:  

Get SALT Encoding   

  12  0:02  SCV  
  13  0:14  SCV  
  14  0:26  SCV  
  15  0:28  Supply Depot  
  15  0:38  Supply Depot  
  15  0:50  SCV  
  15  0:52  Barracks  
  16  1:22  Command Center  
  16  1:24  SCV  
  17  1:47  Marine  
  18  1:56  SCV  
  19  2:05  Command Center  
  19  2:08  SCV  
  20  2:18  Refinery  
  20  2:23  Orbital Command  
  19  2:35  Refinery  
  19  2:46  Orbital Command  
  19  2:49  SCV  
  20  3:01  Marine  
  20  3:02  SCV  
  22  3:12  Refinery x2  
  22  3:13  SCV  
  22  3:16  SCV  
  24  3:28  SCV, Factory  
  24  3:31  SCV  
  26  3:34  Orbital Command  
  26  3:44  SCV x2  
  26  3:47  Marine  
  29  4:01  SCV x2  
  29  4:02  SCV  
  32  4:05  Marine  
  33  4:13  SCV  
  34  4:18  Starport  
  34  4:20  SCV x2  
  38  4:28  Widow Mine  
  38  4:31  SCV  
  39  4:32  SCV  
  40  4:39  SCV  
  40  4:41  Supply Depot  
  40  4:43  SCV  
  42  4:45  Barracks Tech Lab  
  42  4:51  Starport  
  42  4:54  Starport  
  42  4:55  Command Center  
  42  4:58  Starport  
  42  4:59  Starport Tech Lab  
  42  5:03  SCV x2  
  42  5:04  SCV  
  45  5:12  Refinery  
  45  5:13  Refinery  
  45  5:15  SCV  
  45  5:16  SCV x2  
  45  5:18  Widow Mine  
  50  5:23  Viking  
  52  5:37  Fusion Core  
  52  5:38  Starport Tech Lab x3  
  52  5:45  SCV  
  52  5:46  SCV  
  54  5:51  SCV  
  55  5:57  SCV  
  55  6:00  Viking  
  55  6:01  Viking x3  
  64  6:07  Armory  
  64  6:08  Armory  
  56  6:31  Orbital Command  
  55  6:45  Battlecruiser  
  55  6:46  Viking, Battlecruiser  
  55  6:47  Viking  
  71  7:00  SCV  
  71  7:01  SCV x3  
  75  7:05  Marine  
  75  7:07  Widow Mine  
  78  7:11  Weapon Refit  
  78  7:12  SCV  
  79  7:16  Terran Ship Weapons Level 1  
  79  7:19  Terran Vehicle And Ship Armor Level 1  
  79  7:43  Supply Depot, Battlecruiser  
  85  8:20  Battlecruiser  
  85  8:21  Battlecruiser  
  85  8:23  Supply Depot  
  97  8:30  SCV x4  
  101  8:36  Refinery  
  101  8:42  SCV  
  101  8:43  SCV  
  101  8:45  Supply Depot, Battlecruiser  
Tags
 
Add a new tag
Caveats
  • Supply blocks, unpowered buildings, or Contaminate may cause inaccurate times.
  • Supply counts are checked every 10 seconds.